 Dungeon Crawl Stone Soup version 0.24.0 (webtiles) character file.

Game seed: 12877687615764001918, levelgen mode: deterministic

11390 Mrkan the Grappler (level 11, 0/107 HPs)
             Began as a Troll Monk on Oct 25, 2019.
             Was a Believer of Ru.
             Slain by Sonja
             ... wielding a +2 short sword of draining
              (5 damage)
             ... on level 10 of the Dungeon.
             The game lasted 00:19:38 (8407 turns).

Mrkan the Grappler (Troll Monk)                     Turns: 8407, Time: 00:19:38

Health: 0/107      AC:  9    Str: 21    XL:     11   Next: 48%
Magic:  10/10      EV:  6    Int: 13    God:    Ru [**....]
Gold:   371        SH:  7    Dex: 12    Spells: 10/10 levels left

rFire    + . .     SeeInvis .     - Unarmed
rCold    . . .     Gourm    +   E - +0 shield
rNeg     . . .     Faith    .   w - +2 robe {rF+}
rPois    .         Spirit   .   (helmet restricted)
rElec    .         Reflect  .   p - +0 cloak
rCorr    .         Harm     .   (gloves unavailable)
MR       .....                  (boots unavailable)
Stlth    +.........             i - amulet of regeneration
HPRegen  1.07/turn              (no ring)
MPRegen  0.12/turn              o - +4 ring of intelligence

@: lethally poisoned (0 -> 0), slowed, extremely drained, very slow
A: large, unfitting armour, claws 3, fast metabolism 3, gourmand, regeneration
1, shaggy fur 1, tough skin 3, inability to train armour, no fire magic, no
hexes magic, no summoning magic
a: Renounce Religion


You were on level 10 of the Dungeon.
You worshipped Ru.
Ru was pleased with you.
You were very full.

You visited 2 branches of the dungeon, and saw 11 of its levels.
You also visited: Sewer.

You collected 371 gold pieces.

Inventory:

Hand Weapons
 z - a +0 morningstar
 D - a +1 dire flail of protection
 I - a +3 dire flail
Missiles
 e - 215 stones (quivered)
 v - 5 silver boomerangs
 B - 7 silver javelins
 C - 5 large rocks
 F - 2 boomerangs of dispersal
 O - 3 throwing nets
Armour
 p - a +0 cloak (worn)
 w - a +2 robe of fire resistance (worn)
 E - a +0 shield (worn)
Jewellery
 d - an uncursed ring of fire
 i - an amulet of regeneration (around neck)
 o - a +4 ring of intelligence (right claw)
 J - an uncursed amulet of guardian spirit {unknown}
Wands
 x - a wand of acid (10)
 A - a wand of random effects (9)
Scrolls
 f - 4 scrolls of remove curse
 j - a scroll of noise {unknown}
 k - 4 scrolls of magic mapping
 n - 7 scrolls of teleportation
 t - a scroll of blinking
 y - a scroll of enchant armour {unknown}
 G - a scroll of immolation {unknown}
 K - a scroll of holy word {unknown}
 L - a scroll of torment {unknown}
 N - 2 scrolls of identify
Potions
 a - 4 potions of lignification
 c - a potion of degeneration {unknown}
 g - 7 potions of agility
 h - a potion of heal wounds
 l - a potion of mutation {unknown}
 m - 4 potions of might
 q - 4 potions of curing
 r - a potion of cancellation {unknown}
 s - 2 potions of brilliance {unknown}
 u - 2 potions of magic {unknown}
 H - 2 potions of resistance {unknown}
Miscellaneous
 M - a box of beasts
Comestibles
 b - 22 rations
 P - 11 chunks of flesh


   Skills:
 - Level 6.4(0.0) Fighting
 + Level 8.9(1.5) Throwing
 - Level 2.4(0.0) Dodging
 - Level 1.0(0.0) Stealth
 + Level 8.1(0.9) Shields
 - Level 10.5(2.8) Unarmed Combat


You had 10 spell levels left.
You didn't know any spells.
Your spell library was empty.

Dungeon Overview and Level Annotations

Branches:
Dungeon (10/15)            Temple (1/1) D:7           Sewer (visited)
   Lair: D:8-11         Orc: D:9-12

Altars:
Ashenzari
Cheibriados
Dithmenos
Elyvilon
Fedhas
Gozag
Hepliaklqana
Kikubaaqudgha
Makhleb
Nemelex Xobeh
Okawaru
Qazlal
Ru
Sif Muna
Trog
Uskayaw
Vehumet
Wu Jian
Xom
Yredelemnul
Zin
The Shining One

Shops:
D:9 [

Annotations:
D:10 Sonja


Innate Abilities, Weirdness & Mutations

You are too large for most types of armour.
You have claws for hands.
Your metabolism is lightning-fast.
You like to eat raw meat.
Your natural rate of healing is unusually fast.
You are covered in fur. (AC +1)
You have extremely tough skin. (AC +3)
You cannot train Armour skill.
You cannot study or cast Fire magic.
You cannot study or cast Hexes magic.
You cannot study or cast Summoning magic.


Message History

Sonja hits you but does no damage.
You feel drained. Sonja hits you but does no damage.
You feel drained.
You completely miss Sonja.
Sonja is moderately wounded.
You feel sick. Sonja barely misses you. Sonja hits you but does no damage.
You feel drained.
Sonja hits you with a +2 short sword of draining.
* * * LOW HITPOINT WARNING * * *
You feel drained. Sonja barely misses you. Sonja hits you but does no damage.
You feel drained. You block Sonja's attack.
You miss Sonja.
Sonja is moderately wounded.
You feel sick. Sonja closely misses you. You block Sonja's attack.
Sonja hits you but does no damage.
You feel drained.
Sonja hits you with a +2 short sword of draining!
* * * LOW HITPOINT WARNING * * *
You feel drained.
* * * LOW HITPOINT WARNING * * *
Sonja hits you with a +2 short sword of draining.
You die...

...... ♣♣P..PP .... ♣♣.♣♣♣♣ ..#
♣♣♣ ###+### ######>#### ###
......# ###.........# #.# ......#
#...(.......# ##.### ......#
##.#.........# #..... ......#
##..#.........#### #.....
......###..##...@........# #.....
......#.........K.....##.# #.....
..?..('...)#..........##.###.....
......###..#..........##..##.....
≈≈≈...# #..#..#.......###.##.....
≈⌠....# ##....#.......# #........
≈.....# ####.#..#....# ####.....
....### #....#....# ###### ####
#....#....#


You could see Sonja.

Vanquished Creatures
  Harold (D:10)
  A hydra (D:9)
  2 two-headed ogres
  Pikel (D:5)
  A cyclops (D:7)
  A troll (D:9)
  3 hippogriffs
  A meliai zombie (D:10)
  A vampire (D:10)
  A wyvern (D:9)
  3 hogs (D:7)
  2 hungry ghosts (D:7)
  A human (D:7)
  10 yaks
  Duvessa (D:6)
  5 sky beasts
  An eye of draining (D:10)
  5 ice beasts
  A phantom (D:4)
  A black bear (D:9)
  A slave (D:5)
  3 orc warriors
  2 ogres
  A centaur (D:6)
  A big kobold (D:9)
  5 bullfrogs
  A wyvern zombie (D:10)
  Dowan (D:6)
  2 scorpions
  A water moccasin skeleton (D:6)
  16 killer bees
  4 wights (D:8)
  A howler monkey (D:6)
  A crimson imp (D:5)
  5 hounds
  A gnoll shaman (D:9)
  2 orc priests
  Crazy Yiuf (D:6)
  A bullfrog skeleton (D:10)
  7 orc wizards
  Jessica (D:2)
  3 iguanas
  5 worker ants
  A hound zombie (D:7)
  A hound skeleton (D:7)
  5 gnolls (D:9)
  10 adders
  9 river rats (Sewer)
  2 shadow imps
  4 oozes
  An adder skeleton (D:6)
  4 worms
  2 dart slugs
  3 leopard geckos
  30 orcs
  7 bats (D:3)
  9 giant cockroaches
  5 hobgoblins
  5 jackals
  6 quokkas
  4 ball pythons
  11 frilled lizards
  2 goblins
  A jackal skeleton (D:6)
  24 kobolds
  A leopard gecko skeleton (D:5)
  A leopard gecko zombie (D:9)
  A quokka zombie (D:6)
  29 rats
  3 plants (D:3)
290 creatures vanquished.

Vanquished Creatures (others)
  A giant cockroach (D:5)
1 creature vanquished.

Grand Total: 291 creatures vanquished

Notes
Turn   | Place    | Note
-------+----------+-------------------------------------------
     0 | D:1      | Mrkan the Troll Monk began the quest for the Orb.
     0 | D:1      | Reached XP level 1. HP: 22/22 MP: 0/0
   365 | D:1      | Reached XP level 2. HP: 28/29 MP: 1/1
   940 | D:2      | Reached XP level 3. HP: 26/36 MP: 2/2
  1006 | D:2      | Reached skill level 4 in Unarmed Combat
  1514 | D:2      | Noticed Jessica
  1521 | D:2      | Killed Jessica
  1521 | D:2      | Reached XP level 4. HP: 45/45 MP: 3/3
  2255 | D:3      | Reached skill level 5 in Unarmed Combat
  2255 | D:3      | Reached XP level 5. HP: 34/53 MP: 4/4
  2519 | D:4      | Noticed a phantom
  2570 | D:4      | Killed a phantom
  2694 | D:4      | Reached XP level 6. HP: 62/62 MP: 5/5
  3204 | D:5      | Entered Level 5 of the Dungeon
  3273 | D:5      | Noticed a slave
  3274 | D:5      | Noticed a slave
  3275 | D:5      | Noticed a slave
  3275 | D:5      | Noticed a slave
  3276 | D:5      | Noticed Pikel
  3286 | D:5      | Killed a slave
  3302 | D:5      | Killed Pikel
  3302 | D:5      | Reached skill level 7 in Unarmed Combat
  3302 | D:5      | Reached XP level 7. HP: 43/71 MP: 6/6
  3506 | D:5      | Reached skill level 8 in Unarmed Combat
  3511 | D:5      | Found a snail-covered altar of Cheibriados.
  3668 | D:5      | Found a glowing drain.
  3677 | Sewer    | Entered a sewer
  3703 | Sewer    | Reached skill level 5 in Fighting
  3771 | Sewer    | Reached XP level 8. HP: 75/80 MP: 7/7
  4580 | D:6      | Noticed Duvessa
  4585 | D:6      | Noticed Dowan
  4586 | D:6      | Killed Duvessa
  4586 | D:6      | Reached skill level 9 in Unarmed Combat
  4590 | D:6      | Killed Dowan
  4778 | D:6      | Found a runed translucent door.
  4779 | D:6      | Noticed Crazy Yiuf
  4788 | D:6      | Killed Crazy Yiuf
  4986 | D:6      | Reached skill level 10 in Unarmed Combat
  5188 | D:7      | Reached XP level 9. HP: 89/89 MP: 8/8
  5232 | D:7      | Noticed a cyclops
  5242 | D:7      | Killed a cyclops
  5264 | D:7      | Found a staircase to the Ecumenical Temple.
  5299 | Temple   | Entered the Ecumenical Temple
  5436 | Temple   | Became a worshipper of Ru the Awakened
  5437 | Temple   | Gained mutation: You cannot train Armour skill. [Ru
                  | sacrifice]
  5437 | Temple   | Reached * piety under Ru
  5493 | D:7      | Reached skill level 1 in Throwing
  5495 | D:7      | Reached skill level 1 in Shields
  5564 | D:7      | HP: 3/92 [killer bee (9)]
  5806 | D:7      | Reached XP level 10. HP: 88/100 MP: 9/9
  5974 | D:7      | Reached skill level 5 in Throwing
  6212 | D:7      | Reached skill level 5 in Shields
  6523 | D:8      | Found a sacrificial altar of Ru.
  6550 | D:8      | Noticed a two-headed ogre
  6573 | D:8      | Killed a two-headed ogre
  6865 | D:9      | Gained mutation: You cannot study or cast Fire magic. [Ru
                  | sacrifice]
  6865 | D:9      | Gained mutation: You cannot study or cast Hexes magic. [Ru
                  | sacrifice]
  6865 | D:9      | Gained mutation: You cannot study or cast Summoning magic.
                  | [Ru sacrifice]
  6865 | D:9      | Reached ** piety under Ru
  6942 | D:9      | Noticed a two-headed ogre
  6949 | D:9      | Killed a two-headed ogre
  6981 | D:9      | Reached XP level 11. HP: 29/107 MP: 10/10
  7143 | D:9      | Noticed a six-headed hydra
  7181 | D:9      | Killed a six-headed hydra
  7492 | D:9      | Found Duskodoy's Armour Shoppe.
  8007 | D:10     | Entered Level 10 of the Dungeon
  8038 | D:10     | Noticed Harold
  8063 | D:10     | Killed Harold
  8378 | D:10     | Noticed Sonja
  8407 | D:10     | HP: 5/107 [Sonja/+2 short sword of draining (3)]
  8407 | D:10     | Slain by Sonja

Levels and vault maps discovered:
D:1:      onia_arrival_larder, layout_basic
D:2:      layout_loops_corners, minmay_tall_x, uniq_jessica
D:3:      layout_loops_ring, serial_bayou, serial_bayou_shore_a,
          serial_bayou_pond_e, serial_bayou_pond_a, serial_bayou_pond_b,
          serial_bayou_lagoon_a
D:4:      layout_basic
D:5:      layout_basic, lemuel_doored_altar, first_ration, gup_sewer_entry_bowl,
          uniq_pikel
D:6:      layout_loops_ring, uniq_duvessa, uniq_crazy_yiuf_cottage
D:7:      layout_loops_cross, minmay_temple_entry_arrows, grunt_livestock
D:8:      layout_rooms, nicolae_ru_sacrificial_ziggurat
D:9:      layout_basic, serial_shops, shop
D:10:     layout_roguey, nicolae_zen_rock_garden, corexii_leaking_fountain,
          minmay_misc_feat_columns, uniq_sonja, uniq_harold
Temple:   kilobyte_greek_temple
